 Dungeon Crawl Stone Soup version 0.31-a0-986-g5e6e4ef867 (webtiles) character file.

Game seed: 641000435798134939

1589 croobank the Covert (level 8, 0/57 HPs)
             Began as an Octopode Delver on Nov 8, 2023.
             Was a Priest of Nemelex Xobeh.
             Succumbed to a water moccasin's poison
             ... on level 5 of the Dungeon.
             The game lasted 00:13:14 (5429 turns).

croobank the Covert (Octopode Delver)               Turns: 5429, Time: 00:13:14

Health: 0/57       AC:  1    Str: 11    XL:     8   Next: 92%
Magic:  8/8        EV: 15    Int: 15    God:    Nemelex Xobeh [***...]
Gold:   154        SH:  0    Dex: 13    Spells: 7/7 levels left

rFire   . . .        a - +0 short sword
rCold   . . .        (no shield)
rNeg    . . .        (helmet restricted)
rPois   .            (no amulet)
rElec   .            q - ring of flight
rCorr   +            w - ring of resist corrosion
SInv    .            (no ring)
Will    .....        (no ring)
Stlth   +++++        (no ring)
HPRegen 0.29/turn    (no ring)
MPRegen 0.11/turn    (no ring)
                     (no ring)

%: no passive effects
@: mighty, lethally poisoned (0 -> -7), on berserk cooldown, flying, slowed,
very slow
A: almost no armour, amphibious, 8 rings, camouflage 1, gelatinous body 1,
(nimble swimmer 1), tentacles
a: Renounce Religion, Draw Escape, Draw Destruction, Draw Summoning, Triple Draw


You were on level 5 of the Dungeon.
You worshipped Nemelex Xobeh.
Nemelex Xobeh was most pleased with you.
You visited 1 branch of the dungeon, and saw 6 of its levels.

You collected 242 gold pieces.
You spent 88 gold pieces at shops.

Inventory:

Hand Weapons
 a - a +0 short sword (weapon)
 d - a +0 trident
 e - a +0 dagger
 i - a +2 quarterstaff of chaos
 k - a +0 war axe
 l - a +0 spear
 u - a +0 flail of draining
Missiles
 o - 2 boomerangs
Magical Staves
 j - a staff of earth
Jewellery
 q - a ring of flight (left tentacle)
 w - a ring of resist corrosion (right tentacle)
Wands
 f - a wand of digging (3)
Scrolls
 b - a scroll of fog
 c - a scroll of revelation
 h - 2 scrolls of teleportation
 r - a scroll of identify
 s - a scroll of poison {unknown}
 x - a scroll of amnesia
Potions
 m - a potion of haste
 n - 3 potions of attraction
 p - a potion of lignification
 z - a potion of magic {unknown}


   Skills:
 + Level 6.2 Fighting
 + Level 5.7 Short Blades
 + Level 5.7 Dodging
 + Level 10.2 Stealth


You had 7 spell levels left.
You didn't know any spells.
Your spell library contained the following spells:

 Spells                   Type           Power      Damage    Failure   Level
 Ignite Poison            Fire/Tmut/Pois 0%         N/A       63%         3
 Ozocubu's Armour         Ice            0%         N/A       63%         3
 Sticky Flame             Conj/Fire      0%         2d3       95%         4
 Metabolic Englaciation   Hex/Ice        0%         N/A       100%        5
 Simulacrum               Ice/Necr       0%         N/A       100%        6
 Ignition                 Fire           0%         3d3       100%        8


Dungeon Overview and Level Annotations

Branches:
Dungeon (6/15)
 Temple: D:4-7

Altars:
Ashenzari
Cheibriados
Dithmenos
Makhleb
Nemelex Xobeh
Wu Jian
Yredelemnul
Zin

Shops:
D:3 !


Innate Abilities, Weirdness & Mutations

You cannot wear most types of armour.
You are amphibious.
You can wear up to eight rings at the same time.
Your skin changes colour to match your surroundings (Stealth+).
Your rubbery body absorbs attacks. (AC +1, EV +1)
((You are camouflaged when in or above water. (Stealth+)))
You have tentacles for arms and can constrict up to eight enemies at once.


Message History

You see here an iguana skeleton.
The water moccasin bites you!
* * * LOW HITPOINT WARNING * * *
There is a stone staircase leading up here.
The water moccasin barely misses you.
You fly upwards.
There is a stone staircase leading down here.
Okay, then.
A red film seems to cover your vision as you go berserk!
You feel yourself moving faster!
You feel mighty! The water moccasin bites you.
* * * LOW HITPOINT WARNING * * *
The water moccasin bites you.
* * * LOW HITPOINT WARNING * * *
You are lethally poisoned!
The water moccasin poisons you!
You barely miss the water moccasin. You grab the water moccasin.
The water moccasin is heavily wounded.
You constrict the water moccasin.
* * * LOW HITPOINT WARNING * * *
You feel sick.
You hit the water moccasin. You squeeze the water moccasin!
You kill the water moccasin!
* * * LOW HITPOINT WARNING * * *
You feel sick.
There is a lethal amount of poison in your body!
You are too berserk!
Unknown command.
* * * LOW HITPOINT WARNING * * *
You feel sick.
You feel a strong urge to attack something.
* * * LOW HITPOINT WARNING * * *
You feel sick.
Okay, then.
* * * LOW HITPOINT WARNING * * *
You feel sick.
You feel your anger nearly subside.
You are no longer berserk.
You are exhausted.
You feel yourself slow down.
You die...
Your body glows slightly and disappears.

##..<#######.##.##..#.###........
##..#........##.#...####.........
.#..#........##.#.#.........⌠...#
.#..#...........#.#.####.........
.#...........##.#.#.#.###.(......
....#.#########.....#...'#.......
.####.#### #.....#....#...#[#. ##
#.....# #.....##...#..##.##
#.....#### #.@##.##...#.##...#
#........# #†.#..####.#.#.....
##.......# #..#..######.######
#.......# #..#...............
#.......# #..#.#..####..##.##
#.......# #..#.#.....#.#....#
#..)....# #..#..<..#.#.#.##.#
#.......# #..#####.#......#.#
#.......# #..#.....###.#..#.#


There were no monsters in sight!

Vanquished Creatures
  Grinder (D:3)
  Menkaure (D:4)
  An acid dragon (D:5)
  A water moccasin (D:5)
  An ice beast (D:5)
  A black bear (D:5)
  A gnoll sergeant (D:5)
  2 scorpions (D:5)
  2 howler monkeys (D:5)
  A jelly (D:5)
  2 hounds (D:5)
  Crazy Yiuf (D:2)
  4 iguanas
  A sleepcap (D:5)
  Natasha (thrice) (D:2)
  3 gnolls (D:2)
  5 adders
  A white imp (D:5)
  An ufetubus (D:5)
  A worm (D:4)
  3 dart slugs
  2 orcs (D:5)
  4 endoplasms
  3 giant cockroaches
  9 goblins
  4 hobgoblins (D:1)
  2 jackals (D:3)
  9 kobolds
  2 quokkas (D:2)
  8 ball pythons
  2 bats
  3 frilled lizards
  2 rats (D:2)
87 creatures vanquished.

Vanquished Creatures (collateral kills)
  Edmund (D:4)
  An orc (D:4)
  2 endoplasms (D:4)
  A hobgoblin (D:4)
  A quokka (D:4)
  2 ball pythons (D:4)
8 creatures vanquished.

Grand Total: 95 creatures vanquished

Notes
Turn   | Place    | Note
-------+----------+-------------------------------------------
     0 | D:5      | croobank the Octopode Delver began the quest for the Orb.
     0 | D:5      | Reached XP level 1. HP: 16/16 MP: 1/1
     1 | D:6      | Noticed a water moccasin
     1 | D:6      | Noticed an ice beast
     1 | D:6      | Noticed an iguana
     3 | D:6      | Killed an iguana
     4 | D:6      | Reached XP level 2. HP: 21/21 MP: 2/2
     4 | D:6      | Reached XP level 3. HP: 26/26 MP: 3/3
    24 | D:4      | Reached skill level 7 in Stealth
    28 | D:4      | Noticed Menkaure
    43 | D:4      | Killed Menkaure
    44 | D:4      | Reached XP level 4. HP: 33/33 MP: 4/4
    44 | D:4      | Reached XP level 5. HP: 37/37 MP: 5/5
   925 | D:1      | Found a faded altar of an unknown god.
   943 | D:1      | Prayed at the altar of an unknown god.
   943 | D:1      | Became a worshipper of Nemelex Xobeh the Trickster
   943 | D:1      | Reached * piety under Nemelex Xobeh
  1263 | D:2      | Received a gift from Nemelex Xobeh
  1326 | D:2      | Noticed Natasha
  1330 | D:2      | Killed Natasha
  1331 | D:2      | Reached XP level 6. HP: 43/43 MP: 6/6
  1604 | D:2      | Found a runed translucent door.
  1605 | D:2      | Noticed Crazy Yiuf
  1901 | D:2      | Noticed Natasha
  1908 | D:2      | Killed Natasha
  1909 | D:2      | Reached skill level 8 in Stealth
  1995 | D:2      | Killed Crazy Yiuf
  2053 | D:2      | Noticed Natasha
  2062 | D:2      | Killed Natasha
  2130 | D:3      | Reached ** piety under Nemelex Xobeh
  2130 | D:3      | Found a shadowy altar of Dithmenos.
  2143 | D:3      | Found a snail-covered altar of Cheibriados.
  2348 | D:3      | Found a glowing silver altar of Zin.
  2348 | D:3      | Noticed an angel
  2377 | D:3      | Found Tatoch's Distillery.
  2380 | D:3      | Noticed Grinder
  2387 | D:3      | Paralysed by Grinder for 3 turns
  2394 | D:3      | Killed Grinder
  2395 | D:3      | Reached XP level 7. HP: 25/49 MP: 7/7
  2484 | D:3      | Bought a potion of berserk rage for 55 gold pieces
  2484 | D:3      | Bought a potion of curing for 33 gold pieces
  2497 | D:3      | Found an ornate altar of the Wu Jian Council.
  2851 | D:4      | Noticed Edmund
  2864 | D:4      | Killed Edmund
  2865 | D:4      | Reached skill level 5 in Fighting
  3369 | D:5      | Reached *** piety under Nemelex Xobeh
  3402 | D:5      | Reached skill level 9 in Stealth
  3533 | D:5      | Reached XP level 8. HP: 55/55 MP: 8/8
  3613 | D:5      | HP: 2/56 [black bear (5)]
  4110 | D:5      | Reached skill level 5 in Short Blades
  4110 | D:5      | Reached skill level 5 in Dodging
  4235 | D:5      | Found a burning altar of Makhleb.
  4249 | D:5      | Received a gift from Nemelex Xobeh
  4648 | D:5      | Found a basalt altar of Yredelemnul.
  4804 | D:5      | Found a broken altar of Ashenzari.
  4838 | D:5      | Reached skill level 10 in Stealth
  5426 | D:5      | HP: 4/85 [poisoned by a water moccasin]
  5428 | D:5      | HP: 1/85 [poisoned by a water moccasin]
  5429 | D:5      | Succumbed to a water moccasin's poison

Illustrated notes

Levels and vault maps discovered:
D:1:      minmay_arrival_jagged, layout_loops_ring,
          shapermc_ecumenical_altar_flowoftime
D:2:      layout_loops_corners, uniq_natasha, uniq_crazy_yiuf_cottage
D:3:      layout_rooms, old_standard_altar, zin_angel, nzn_wu_jian_council_hall,
          mainiacjoe_overflow_concentric_impassable, serial_shops,
          nicolae_shop_advertising_works [nicolae_subvault_shop_adworks],
          serial_forest, infiniplex_forest_lined_4_way,
          infiniplex_forest_lined_3, infiniplex_forest_end_1,
          infiniplex_forest_end_2, infiniplex_forest_lined_3_way,
          infiniplex_forest_straight_4, infiniplex_forest_end_2,
          infiniplex_forest_clump_cross, infiniplex_forest_zigzag_1,
          uniq_grinder
D:4:      cheibrodos_quashed, layout_rooms, uniq_menkaure, uniq_edmund
D:5:      layout_basic, mainiacjoe_overflow_alcove_1,
          mainiacjoe_overflow_catwalk, cheibrodos_ashenzari_chains,
          glass_columns_b, minmay_pentangle
D:6:      layout_cave_pools, nicolae_qazlal_eye_of_the_storm,
          doesnt_xom_only_xom, mainiacjoe_overflow_24_doors, serial_gnoll_camp,
          gnoll_camp_mini_shop, gnoll_camp_medium_02, gnoll_camp_mini_hut,
          gnoll_camp_mini_shop, gnoll_camp_mini_hut, minmay_bent

Skill      XL: |  1  2  3  4  5  6  7  8 |
---------------+-------------------------+-----
Stealth        | 7 8 9 10 | 10.2
Short Blades   | 3 4 5 |  5.7
Dodging        | 3 4 5 |  5.7
Fighting       | 4 5 6 |  6.2

Action                     |  1- 3 |  4- 6 |  7- 9 || total
---------------------------+-------+-------+-------++-------
  Melee: Short sword       |    15 |    88 |   111 ||   214
         Tentacles         |     3 |    19 |    30 ||    52
         Constrict         |     2 |    19 |    20 ||    41
         Punch             |     1 |     2 |     1 ||     4
 Invoke: Draw Destruction  |       |     5 |     7 ||    12
         Draw Summoning    |       |       |     1 ||     1
         Draw Escape       |       |       |     4 ||     4
    Use: Potion            |     1 |       |     6 ||     7
         Scroll            |       |     5 |     5 ||    10
   Stab: Sleeping          |     2 |    20 |     7 ||    29
         Distracted        |       |       |     3 ||     3
 Armour: Skin              |       |    21 |    61 ||    82
  Dodge: Dodged            |     6 |    41 |    78 ||   125

Table legend: (Time is in decaauts)
 A = Elapsed time spent in this place.
 B = Non-inter-level travel time spent in this place.
 C = Inter-level travel time spent in this place.
 D = Time resting spent in this place.
 E = Time spent auto-exploring this place.
 F = Levels seen in this place.
 G = Mean time per level.
                   A        B        C        D        E       F      G
               +--------+--------+--------+--------+--------+-----+--------+
         Total |   5379 |   5161 |    218 |    920 |   3292 |   6 |  896.5 |
       Dungeon |   5379 |   5161 |    218 |    920 |   3292 |   6 |  896.5 |
               +--------+--------+--------+--------+--------+-----+--------+

Top non-repeatable levels by time:
     D:5: 1764 daAuts
     D:2: 1212 daAuts
     D:4: 858 daAuts
     D:1: 784 daAuts
     D:3: 740 daAuts
     D:6: 18 daAuts
